TOP OF THE 1ST |
Bishop Verot HS batting - Pitching for Spanish Fork HS : LHP Franklin O'Morchoe
|
Pitching: LHP Franklin O'Morchoe
|
|
Batting: RHB Peter Bishop
|
0-0: Called Strike 0-1: Ball 1-1: SOLO HOME RUN (Flyball, 7D), Distance : 379 ft
|
Batting: RHB Luis Morales
|
0-0: Ball 1-0: Ball 2-0: Ball 3-0: Called Strike 3-1: Base on Balls
|
Batting: RHB Terry Perkins
|
0-0: Ball 1-0: Ball 2-0: Foul Ball, location: 2F 2-1: Ball 3-1: Foul Ball, location: 2F 3-2: Base on Balls Luis Morales to second
|
Batting: RHB Nick Vogel
|
0-0: Ball 1-0: Foul Ball, location: 2F 1-1: Foul Ball, location: 2F 1-2: Ball 2-2: DOUBLE (Groundball, 5L) Luis Morales scores Terry Perkins to third
|
Batting: LHB Rafael Yan
|
0-0: Ball 1-0: Called Strike 1-1: Ball 2-1: Fly out, F8 (Popup, 8LS)
|
Batting: RHB Stuart Mitchell
|
0-0: Ball 1-0: Foul Ball, location: 2F 1-1: Fly out, F9 (Flyball, 89M) Runner from 3rd tags up, SCORES, throw made
|
Batting: LHB Jim Hall
|
0-0: Called Strike 0-1: Ball 1-1: Ball 2-1: Ground out 3-1 (Groundball, 3)
|
Top of the 1st over - 3 run(s), 2 hit(s), 0 error(s), 1 left on base; Bishop Verot HS 3 - Spanish Fork HS 0 |
BOTTOM OF THE 1ST |
Spanish Fork HS batting - Pitching for Bishop Verot HS : RHP Pat Rodríguez
|
Pitching: RHP Pat Rodríguez
|
|
Batting: SHB Joaquín Mercado
|
0-0: Ball 1-0: Swinging Strike 1-1: Ball 2-1: SINGLE (Groundball, 5D)
|
Batting: RHB Ray Hernández
|
0-0: Ball Joaquín Mercado steals 2nd base 1-0: Called Strike 1-1: Fly out, F8 (Flyball, 8LM)
|
Batting: RHB Javier Ortíz
|
0-0: Called Strike 0-1: Ball 1-1: Foul Ball, location: 2F 1-2: Ball 2-2: Strikes out looking
|
Batting: RHB Jim Jones
|
0-0: Called Strike 0-1: Fly out, F7 (Flyball, 7D)
|
Bottom of the 1st over - 0 run(s), 1 hit(s), 0 error(s), 1 left on base; Bishop Verot HS 3 - Spanish Fork HS 0 |
TOP OF THE 2ND |
Bishop Verot HS batting - Pitching for Spanish Fork HS : LHP Franklin O'Morchoe
|
Batting: RHB Carlos Sánchez
|
0-0: Ball 1-0: Ground out 4-3 (Groundball, 4M)
|
Batting: RHB Jon Foster
|
0-0: Ball 1-0: Ball 2-0: Called Strike 2-1: Swinging Strike 2-2: Strikes out swinging
|
Batting: RHB Peter Bishop
|
0-0: Ball 1-0: Called Strike 1-1: Ball 2-1: Ball 3-1: Base on Balls
|
Batting: RHB Luis Morales
|
0-0: Ball 1-0: Ball 2-0: Called Strike 2-1: Ball 3-1: Base on Balls Peter Bishop to second
|
Batting: RHB Terry Perkins
|
0-0: Foul Ball, location: 2F 0-1: Foul Ball, location: 2F 0-2: Strikes out swinging
|
Top of the 2nd over - 0 run(s), 0 hit(s), 0 error(s), 2 left on base; Bishop Verot HS 3 - Spanish Fork HS 0 |
BOTTOM OF THE 2ND |
Spanish Fork HS batting - Pitching for Bishop Verot HS : RHP Pat Rodríguez
|
Batting: RHB Steve Meyers
|
0-0: Foul Ball, location: 2F 0-1: Ball 1-1: SOLO HOME RUN (Flyball, 78XD), Distance : 408 ft
|
Batting: LHB Mal Jiménez
|
0-0: Called Strike 0-1: Foul Ball, location: 2F 0-2: Ball 1-2: Ball 2-2: Ball 3-2: Strikes out swinging
|
Batting: LHB Joe Joyce
|
0-0: Called Strike 0-1: Foul Ball, location: 2F 0-2: Ball 1-2: Foul Ball, location: 2F 1-2: Foul Ball, location: 2F 1-2: Ball 2-2: Ground out 4-3 (Groundball, 4)
|
Batting: RHB Peter Jones
|
0-0: Ball 1-0: Swinging Strike 1-1: Ground out 6-3 (Groundball, 6)
|
Bottom of the 2nd over - 1 run(s), 1 hit(s), 0 error(s), 0 left on base; Bishop Verot HS 3 - Spanish Fork HS 1 |
TOP OF THE 3RD |
Bishop Verot HS batting - Pitching for Spanish Fork HS : LHP Franklin O'Morchoe
|
Batting: RHB Nick Vogel
|
0-0: Swinging Strike 0-1: Ball 1-1: Ball 2-1: Called Strike 2-2: Foul Ball, location: 2F 2-2: Foul Ball, location: 2F 2-2: Foul Ball, location: 2F 2-2: Foul Ball, location: 2F 2-2: Foul Ball, location: 2F 2-2: SINGLE (Groundball, 4MD)
|
Batting: LHB Rafael Yan
|
0-0: Fielders Choice at 2nd, 4-6 (Groundball, 4)
|
Batting: RHB Stuart Mitchell
|
0-0: Called Strike 0-1: Swinging Strike 0-2: Ball 1-2: Foul Ball, location: 2F 1-2: Foul Ball, location: 2F 1-2: Ball 2-2: Ball 3-2: Base on Balls Rafael Yan to second
|
Batting: LHB Jim Hall
|
0-0: Called Strike 0-1: Ball 1-1: Ball 2-1: Foul Ball, location: 2F 2-2: Foul Ball, location: 2F 2-2: Foul Ball, location: 2F 2-2: Ball 3-2: Foul Ball, location: 2F 3-2: Base on Balls Rafael Yan to third Stuart Mitchell to second
|
Batting: RHB Carlos Sánchez
|
0-0: Ball 1-0: Ball 2-0: Called Strike 2-1: Called Strike 2-2: Ball 3-2: Base on Balls Rafael Yan scores Stuart Mitchell to third Jim Hall to second
|
Pitching: RHP Carl Cook
|
|
Batting: RHB Jon Foster
|
0-0: Ball 1-0: Ball 2-0: Called Strike 2-1: Grounds into double play, 6-4-3 (Groundball, 6)
|
Top of the 3rd over - 1 run(s), 1 hit(s), 0 error(s), 2 left on base; Bishop Verot HS 4 - Spanish Fork HS 1 |
BOTTOM OF THE 3RD |
Spanish Fork HS batting - Pitching for Bishop Verot HS : RHP Pat Rodríguez
|
Batting: RHB Mike Holloway
|
0-0: Foul Ball, location: 2F 0-1: Swinging Strike 0-2: Ball 1-2: Ground out 4-3 (Groundball, 4M)
|
Batting: SHB Joaquín Mercado
|
0-0: Called Strike 0-1: Ground out 4-3 (Groundball, 4)
|
Batting: RHB Ray Hernández
|
0-0: Ball 1-0: Ball 2-0: Swinging Strike 2-1: Fly out, F8 (Flyball, 8LM)
|
Bottom of the 3rd over - 0 run(s), 0 hit(s), 0 error(s), 0 left on base; Bishop Verot HS 4 - Spanish Fork HS 1 |
TOP OF THE 4TH |
Bishop Verot HS batting - Pitching for Spanish Fork HS : RHP Carl Cook
|
Batting: RHB Peter Bishop
|
0-0: Ball 1-0: Ball 2-0: Ball 3-0: Base on Balls
|
Batting: RHB Luis Morales
|
0-0: Ball 1-0: Swinging Strike 1-1: Foul Ball, location: 2F 1-2: Strikes out swinging
|
Batting: RHB Terry Perkins
|
0-0: Ball 1-0: Ball 2-0: Fly out, F8 (Flyball, 8LM)
|
Batting: RHB Nick Vogel
|
0-0: Called Strike 0-1: Ball 1-1: Ball 2-1: Ball 3-1: Called Strike 3-2: SINGLE (Line Drive, 5D) Peter Bishop to second Peter Bishop to third
|
Batting: LHB Rafael Yan
|
0-0: Swinging Strike 0-1: Fly out, F7 (Popup, 7S)
|
Top of the 4th over - 0 run(s), 1 hit(s), 0 error(s), 2 left on base; Bishop Verot HS 4 - Spanish Fork HS 1 |
BOTTOM OF THE 4TH |
Spanish Fork HS batting - Pitching for Bishop Verot HS : RHP Pat Rodríguez
|
Batting: RHB Javier Ortíz
|
0-0: Foul Ball, location: 2F 0-1: Ball 1-1: Ball 2-1: Fly out, F8 (Line Drive, 8RM)
|
Batting: RHB Jim Jones
|
0-0: Ball 1-0: SINGLE (Groundball, 25) (infield hit)
|
Batting: RHB Steve Meyers
|
0-0: Ball 1-0: Grounds into double play, 4-6-3 (Groundball, 4)
|
Bottom of the 4th over - 0 run(s), 1 hit(s), 0 error(s), 0 left on base; Bishop Verot HS 4 - Spanish Fork HS 1 |
TOP OF THE 5TH |
Bishop Verot HS batting - Pitching for Spanish Fork HS : RHP Carl Cook
|
Batting: RHB Stuart Mitchell
|
0-0: Called Strike 0-1: Ball 1-1: Ball 2-1: Ground out 4-3 (Groundball, 4M)
|
Batting: LHB Jim Hall
|
0-0: Called Strike 0-1: Ball 1-1: Ball 2-1: Swinging Strike 2-2: Ball 3-2: Base on Balls
|
Batting: RHB Carlos Sánchez
|
0-0: Called Strike Jim Hall steals 2nd base 0-1: Ball 1-1: Ball 2-1: SINGLE (Line Drive, 5) Jim Hall to third
|
Batting: RHB Jon Foster
|
0-0: Called Strike 0-1: Foul Ball, location: 2F 0-2: Ball Carlos Sánchez steals 2nd base 1-2: Ball 2-2: Ball 3-2: Strikes out swinging
|
Batting: RHB Peter Bishop
|
0-0: Ball 1-0: Ball 2-0: Called Strike 2-1: Ball 3-1: Foul Ball, location: 2F 3-2: Foul Ball, location: 2F 3-2: Base on Balls
|
Batting: RHB Luis Morales
|
0-0: Ball 1-0: Ball 2-0: Foul Ball, location: 2F 2-1: Foul Ball, location: 2F 2-2: Fly out, F9 (Flyball, 9M)
|
Top of the 5th over - 0 run(s), 1 hit(s), 0 error(s), 3 left on base; Bishop Verot HS 4 - Spanish Fork HS 1 |
BOTTOM OF THE 5TH |
Spanish Fork HS batting - Pitching for Bishop Verot HS : RHP Pat Rodríguez
|
Batting: LHB Mal Jiménez
|
0-0: Ball 1-0: Ground out 1-3 (Groundball, 13S)
|
Batting: LHB Joe Joyce
|
0-0: Ball 1-0: Ball 2-0: Ball 3-0: Base on Balls
|
Batting: RHB Peter Jones
|
0-0: Called Strike 0-1: Called Strike 0-2: SINGLE (Flyball, 7S) Joe Joyce to second
|
Batting: RHB Mike Holloway
|
0-0: Ball 1-0: Ball 2-0: Called Strike 2-1: DOUBLE (Flyball, 8LM) Joe Joyce scores Peter Jones to third
|
Batting: SHB Joaquín Mercado
|
0-0: Fly out, F6 (Popup, 5)
|
Pitching: RHP John Harris
|
|
Batting: RHB Ray Hernández
|
0-0: Ball 1-0: Ball 2-0: Foul Ball, location: 2F 2-1: Ball 3-1: Foul Ball, location: 2F 3-2: Base on Balls
|
Batting: RHB Javier Ortíz
|
0-0: Called Strike 0-1: Ball 1-1: Foul Ball, location: 2F 1-2: Ball 2-2: Ball Wild Pitch! Peter Jones scores Mike Holloway to third Ray Hernández to second 3-2: Fly out, F9 (Flyball, 9M)
|
Bottom of the 5th over - 2 run(s), 2 hit(s), 0 error(s), 2 left on base; Bishop Verot HS 4 - Spanish Fork HS 3 |
TOP OF THE 6TH |
Bishop Verot HS batting - Pitching for Spanish Fork HS : RHP Carl Cook
|
Pitching: RHP Paul Turberville
|
|
Batting: RHB Terry Perkins
|
0-0: Fly out, F9 (Line Drive, 9M)
|
Batting: RHB Nick Vogel
|
0-0: Foul Ball, location: 2F 0-1: Called Strike 0-2: Ground out 4-3 (Groundball, 4)
|
Batting: LHB Rafael Yan
|
0-0: Ball 1-0: Ball 2-0: Called Strike 2-1: Foul Ball, location: 2F 2-2: Strikes out looking
|
Top of the 6th over - 0 run(s), 0 hit(s), 0 error(s), 0 left on base; Bishop Verot HS 4 - Spanish Fork HS 3 |
BOTTOM OF THE 6TH |
Spanish Fork HS batting - Pitching for Bishop Verot HS : RHP John Harris
|
Batting: RHB Jim Jones
|
0-0: Ball 1-0: Called Strike 1-1: Foul Ball, location: 2F 1-2: Strikes out swinging
|
Batting: RHB Steve Meyers
|
0-0: Called Strike 0-1: Ball 1-1: Swinging Strike 1-2: Reaches on Catchers interference
|
Batting: LHB Mal Jiménez
|
0-0: Fly out, F4 (Popup, 34)
|
Batting: LHB Joe Joyce
|
0-0: Ball 1-0: Called Strike 1-1: SINGLE (Groundball, 34) Steve Meyers to second Runner from 2nd tries for 3rd, SAFE, throw made to third Joe Joyce to second
|
Batting: RHB Peter Jones
|
0-0: DOUBLE (Groundball, 5L) Steve Meyers scores Joe Joyce scores
|
Batting: RHB Mike Holloway
|
0-0: Called Strike 0-1: SINGLE (Groundball, 5L) Peter Jones to third
|
Batting: SHB Joaquín Mercado
|
0-0: Ball 1-0: Called Strike 1-1: Ball 2-1: Foul Ball, location: 2F 2-2: Foul Ball, location: 2F 2-2: Strikes out swinging
|
Bottom of the 6th over - 2 run(s), 3 hit(s), 1 error(s), 2 left on base; Bishop Verot HS 4 - Spanish Fork HS 5 |
TOP OF THE 7TH |
Bishop Verot HS batting - Pitching for Spanish Fork HS : RHP Paul Turberville
|
Batting: RHB Stuart Mitchell
|
0-0: Foul Ball, location: 2F 0-1: Ball 1-1: Foul Ball, location: 2F 1-2: SINGLE (Line Drive, 6D)
|
Batting: LHB Jim Hall
|
0-0: Bunted foul 0-1: Sac Bunt - play at first, batter OUT! 1-4 Stuart Mitchell to second
|
Batting: RHB Carlos Sánchez
|
0-0: Ball 1-0: Ball 2-0: Ball 3-0: Base on Balls
|
Batting: RHB Jon Foster
|
0-0: Called Strike 0-1: Ball 1-1: Foul Ball, location: 2F 1-2: Foul Ball, location: 2F 1-2: Ball 2-2: Strikes out swinging
|
Batting: RHB Peter Bishop
|
0-0: Called Strike 0-1: Foul Ball, location: 2F 0-2: Ball 1-2: Strikes out swinging
|
Top of the 7th over - 0 run(s), 1 hit(s), 0 error(s), 2 left on base; Bishop Verot HS 4 - Spanish Fork HS 5 |
BOTTOM OF THE 7TH |
Spanish Fork HS batting - Pitching for Bishop Verot HS : RHP John Harris
|
Batting: RHB Ray Hernández
|
0-0: Ball 1-0: Ball 2-0: Ball 3-0: Base on Balls
|
Pitching: RHP Bryan Smith
|
|
Batting: RHB Javier Ortíz
|
0-0: Called Strike 0-1: Ball 1-1: Swinging Strike 1-2: Reached on error, E6 (Groundball, 6) Ray Hernández to second
|
Batting: RHB Jim Jones
|
0-0: SINGLE (Line Drive, 89S) Ray Hernández to third Javier Ortíz to second
|
Batting: RHB Steve Meyers
|
0-0: Foul Ball, location: 2F 0-1: Foul Ball, location: 2F 0-2: Ball 1-2: Foul Ball, location: 2F 1-2: Ball 2-2: Grounds into fielders choice 4-2 (Groundball, 4) Javier Ortíz to third Jim Jones to second
|
Batting: LHB Mal Jiménez
|
0-0: Called Strike 0-1: Called Strike 0-2: Strikes out looking
|
Batting: LHB Joe Joyce
|
0-0: Ball 1-0: Ground out 6-3 (Groundball, 6)
|
Bottom of the 7th over - 0 run(s), 1 hit(s), 1 error(s), 3 left on base; Bishop Verot HS 4 - Spanish Fork HS 5 |
TOP OF THE 8TH |
Bishop Verot HS batting - Pitching for Spanish Fork HS : RHP Paul Turberville
|
Pitching: RHP Jake Seals
|
|
Batting: RHB Luis Morales
|
0-0: Ball 1-0: SINGLE (Flyball, 89S)
|
Pitching: RHP José García
|
|
Batting: RHB Terry Perkins
|
0-0: Swinging Strike 0-1: Foul Ball, location: 2F 0-2: Foul Ball, location: 2F 0-2: Ball 1-2: Ball 2-2: Foul Ball, location: 2F 2-2: Ball 3-2: Strikes out swinging
|
Batting: RHB Nick Vogel
|
0-0: Ball 1-0: Ball 2-0: Ball 3-0: Called Strike 3-1: SINGLE (Groundball, 56D) Luis Morales to second
|
Pitching: LHP Keith Jackson
|
|
Batting: LHB Rafael Yan
|
0-0: Ball 1-0: Fly out, F9 (Flyball, 9D) Runner from 2nd tags up, SAFE at 3rd, no throw
|
Pitching: RHP Bryan Prince
|
|
Batting: RHB Stuart Mitchell
|
0-0: Swinging Strike 0-1: Swinging Strike 0-2: Ball 1-2: Strikes out swinging
|
Top of the 8th over - 0 run(s), 2 hit(s), 0 error(s), 2 left on base; Bishop Verot HS 4 - Spanish Fork HS 5 |
BOTTOM OF THE 8TH |
Spanish Fork HS batting - Pitching for Bishop Verot HS : RHP Bryan Smith
|
Batting: RHB Peter Jones
|
0-0: Ground out 6-3 (Groundball, 6)
|
Batting: RHB Mike Holloway
|
0-0: Ball 1-0: Ball 2-0: Ground out 6-3 (Groundball, 6)
|
Batting: SHB Joaquín Mercado
|
0-0: Ball 1-0: Ball 2-0: Ball 3-0: Called Strike 3-1: SINGLE (Line Drive, 6D)
|
Batting: RHB Ray Hernández
|
0-0: Ball 1-0: Fly out, F7 (Flyball, 78M)
|
Bottom of the 8th over - 0 run(s), 1 hit(s), 0 error(s), 1 left on base; Bishop Verot HS 4 - Spanish Fork HS 5 |
TOP OF THE 9TH |
Bishop Verot HS batting - Pitching for Spanish Fork HS : RHP Bryan Prince
|
Pitching: RHP Merlin Baker
|
|
Batting: LHB Jim Hall
|
0-0: Foul Ball, location: 2F 0-1: Called Strike 0-2: Fly out, F8 (Flyball, 78M)
|
Batting: RHB Carlos Sánchez
|
0-0: Called Strike 0-1: Swinging Strike 0-2: Foul Ball, location: 2F 0-2: Ball 1-2: Ball 2-2: Strikes out swinging
|
Batting: RHB Jon Foster
|
0-0: Ball 1-0: Ball 2-0: Ball 3-0: Base on Balls
|
Batting: RHB Peter Bishop
|
0-0: SINGLE (Groundball, 56D) Jon Foster to second
|
Batting: RHB Luis Morales
|
0-0: Ball 1-0: Called Strike 1-1: Ball 2-1: Ball 3-1: Foul Ball, location: 2F 3-2: DOUBLE (Flyball, 89M) Jon Foster scores Peter Bishop to third Peter Bishop scores
|
Batting: RHB Terry Perkins
|
0-0: Ball 1-0: Swinging Strike 1-1: Foul Ball, location: 2F 1-2: Ball 2-2: Foul Ball, location: 2F 2-2: Ball 3-2: Fly out, F8 (Flyball, 8RM)
|
Top of the 9th over - 2 run(s), 2 hit(s), 0 error(s), 1 left on base; Bishop Verot HS 6 - Spanish Fork HS 5 |
BOTTOM OF THE 9TH |
Spanish Fork HS batting - Pitching for Bishop Verot HS : RHP Bryan Smith
|
Pitching: RHP Pedro Sendejo
|
|
Batting: RHB Javier Ortíz
|
0-0: Ball 1-0: Swinging Strike 1-1: Reached on Error, E7 (Flyball, 78M)
|
Batting: RHB Jim Jones
|
0-0: Called Strike 0-1: Ball 1-1: Ball 2-1: Ball 3-1: 2-RUN HOME RUN (Line Drive, 8LXD), Distance : 446 ft
|
|